Unix NetHack Version 5.0.0-0 post-release - last build Jun 10 2026 00:39:30 (3ee93aec679c4c4259841fe613dc97188e26a321,branch:main).

Game began 2026-06-20 18:30:39, ended 2026-06-20 22:42:05.

IanCurtis, chaotic male elven Wizard

                                                                          --.--
                                                                         --...|
                                                               ...       |....|
                                                             ......      -...--
                                                             ...[.--. ---.[..|
                                                             .%...... |.....--
                                                             ..-.--.--.....--
                                                              |..||.<..i...|
                                                             --.------@i.[.-
                                                             |..||...i......---
                                                             |.--|............|
                                                                 --..--.--....|

IanCurtis the Conjurer    St:13 Dx:13 Co:13 In:20 Wi:9 Ch:9  Chaotic
Dlvl:5  $:256 HP:0(29) Pw:35(44) AC:9  Xp:5 T:2570 

Latest messages:
 The gnome swings his thonged club.
 The gnome hits!
 You kill the gnome!
 There are several objects here.
 q - a food ration (4 in total).
 You see here a dagger.
 In what direction? l
 You kick a dagger.
 You hear some noises.
 You climb up the stairs.
 The housecat drops a dagger.
 The housecat picks up a dagger.
 The housecat drops a dagger.
 The housecat picks up a dagger.
 The housecat drops a dagger.
 You stop searching.
 The housecat bites the giant ant.
 The giant ant misses the housecat.
 The giant ant bites!
 You miss the giant ant.
 The giant ant bites!
 The giant ant bites!
 The housecat bites the giant ant.
 The giant ant is killed!
 Your housecat eats a giant ant corpse.
 You stop.  Your housecat is in the way!
 The giant ant bites!
 The giant ant bites!
 The housecat is still eating.
 You descend the stairs.
 You stop searching.
 You hit the manes.
 You hit the manes.
 The manes hits!
 The manes misses!
 The manes bites!
 You miss the manes.
 You miss the manes.
 The manes hits!
 The manes hits again!
 The manes bites!
 You miss the manes.
 The manes hits!
 The manes hits again!
 The manes bites!
 The manes hits!
 The manes hits again!
 The manes bites!
 You die...
 Do you want your possessions identified? [ynq] (y) q

Inventory:
 Coins    ('$')
  $ - 256 gold pieces
 Weapons  (')')
  J - a blessed +0 elven short sword (weapon in right hand)
  a - a blessed +1 quarterstaff
 Armor    ('[')
  b - an uncursed +0 cloak of magic resistance (being worn)
 Comestibles  ('%')
  q - 4 uncursed food rations
  M - an uncursed lembas wafer
 Scrolls  ('?')
  K - a blessed scroll of amnesia
  t - a blessed scroll of destroy armor
  D - an uncursed scroll of enchant weapon
  y - an uncursed scroll of fire
  i - an uncursed scroll of identify
  k - an uncursed scroll of light
  j - an uncursed scroll of punishment
  p - an uncursed scroll of remove curse
  B - an uncursed scroll of teleportation
 Spellbooks  ('+')
  E - an uncursed spellbook of detect food
  m - an uncursed spellbook of drain life
  l - a blessed spellbook of force bolt
 Potions  ('!')
  H - a cursed potion of booze
  f - an uncursed potion of confusion
  v - an uncursed potion of extra healing
  r - an uncursed potion of healing
  h - a blessed potion of levitation
  O - an uncursed potion of levitation
  g - an uncursed potion of water
 Rings    ('=')
  e - an uncursed +2 ring of adornment
  w - an uncursed +2 ring of gain strength
  d - an uncursed ring of shock resistance
  L - an uncursed ring of shock resistance
 Wands    ('/')
  c - a wand of speed monster (0:4)
  u - a wand of undead turning (0:5)
 Tools    ('(')
  o - an uncursed wooden flute
  n - a magic marker (0:22)
  P - an uncursed towel

IanCurtis the Wizard's attributes:

Background:
 You were a Conjurer, a level 5 male elven Wizard.
 You were chaotic, on a mission for Anhur
 who was opposed by Ptah (lawful) and Thoth (neutral).
 You were right-handed.
 You were in the Gnomish Mines, on level 5.
 You entered the dungeon 2570 turns ago.
 It was nighttime.
 You had 218 experience points, 102 more were needed to attain level 6.

Basics:
 You had 0 out of 29 hit points.
 You had 35 out of 44 energy points (spell power).
 Your armor class was 9.
 Your wallet contained 256 zorkmids.
 Autopickup was off.

Final Characteristics:
 Your strength was 13 (limit:18).
 Your dexterity was 13 (limit:18).
 Your constitution was 13 (limit:16).
 Your intelligence was 20 (limit:20).
 Your wisdom was 9 (limit:20).
 Your charisma was 9 (limit:18).

Final Status:
 You weren't hungry.
 You were unencumbered.
 You were wielding a short sword.
 You were unskilled in short sword.

Final Attributes:
 You were piously aligned.
 You were magic-protected.
 You were sleep resistant.
 You had infravision.
 You were warded.
 You are dead.

Miscellaneous:
 You didn't encounter any bones levels.
 Total elapsed playing time was 45 minutes and 10 seconds.

Major events:
 Turn
    1: IanCurtis the chaotic male elven Wizard entered the dungeon
 1442: attained the rank of Conjurer (level 3)
 1622: entered the Gnomish Mines
 2570: killed by a manes

Spells:
 Name                 Level Category     Fail Retention
 force bolt             1   attack         0%   81%-90%
 drain life             2   attack         0%   81%-90%
 detect food            2   divination    39%  76%-100%

Skills:
 Fighting Skills
   bare handed combat [Unskilled]
   riding             [Unskilled]
 Weapon Skills
   dagger             [Unskilled]
   knife              [Unskilled]
   axe                [Unskilled]
   short sword        [Unskilled]
   club               [Unskilled]
   mace               [Unskilled]
   quarterstaff       [Basic]
   polearms           [Unskilled]
   spear              [Unskilled]
   trident            [Unskilled]
   sling              [Unskilled]
   dart               [Unskilled]
   shuriken           [Unskilled]
 Spellcasting Skills
   attack spells      [Basic]
   healing spells     [Unskilled]
   divination spells  [Unskilled]
   enchantment spells [Basic]
   clerical spells    [Unskilled]
   escape spells      [Unskilled]
   matter spells      [Unskilled]

Voluntary challenges:
 Character rerolling was not enabled.
 You never genocided any monsters.
 You never polymorphed an object.
 You never changed form.
 You used no wishes.
Achievements:
 You entered a shop.
 You attained the rank of Conjurer.
 You entered the Gnomish Mines.

 The Dungeons of Doom: levels 1 to 3
    Level 1:
    Level 2: "vault"
       A general store, a grave.
    Level 3:
       Stairs down to The Gnomish Mines.
 The Gnomish Mines: levels 4 to 5
    Level 4:
    Level 5: <- You were here.
       Final resting place for
          you, killed by a manes.


Vanquished creatures:
  a shrieker
  4 gnome leaders
  a giant ant
  4 dwarves
  a kobold leader
  a rabid rat
  a coyote
  a gas spore
  a manes
  4 giant rats
  a cave spider
  a yellow mold
 15 gnomes
  a gecko
  4 jackals
  a fox
  a kobold
  a goblin
  a grid bug
  4 lichens
  2 newts
51 creatures vanquished.

No species were genocided or became extinct.

Game over:
                       ----------
                      /          \
                     /    REST    \
                    /      IN      \
                   /     PEACE      \
                  /                  \
                  |    IanCurtis     |
                  |      256 Au      |
                  |   killed by a    |
                  |      manes       |
                  |                  |
                  |                  |
                  |       2026       |
                 *|     *  *  *      | *
        _________)/\\_//(\/(/\)/\//\/|_)_______

Goodbye IanCurtis the Wizard...

You died in The Gnomish Mines on dungeon level 5 with 1313 points,
and 256 pieces of gold, after 2570 moves.
You were level 5 with a maximum of 29 hit points when you died.

